 Dungeon Crawl Stone Soup version 0.23.2-1-ga50397a (webtiles) character file.

Game seed: 16175204647665782586

1003 diana the Slasher (level 8, -3/58 HPs)
             Began as a Demonspawn Gladiator on Apr 24, 2019.
             Slain by a worker ant (6 damage)
             ... on level 5 of the Dungeon.
             The game lasted 00:09:09 (4845 turns).

diana the Slasher (Demonspawn Gladiator)            Turns: 4845, Time: 00:09:10

Health: -3/58      AC:  6    Str: 17    XL:     8   Next: 0%
Magic:  8/8        EV: 16    Int:  9    God:
Gold:   256        SH:  0    Dex: 15    Spells: 7/7 levels left

rFire    . . .     SeeInvis .   a - +0 long sword
rCold    + . .     Gourm    .   (no shield)
rNeg     . . .     Faith    .   b - +0 leather armour
rPois    .         Spirit   .   q - +1 helmet
rElec    .         Reflect  .   h - scarf {repulsion}
rCorr    .         Harm     .   o - +0 pair of gloves
MR       .....                  (no boots)
Stlth    ++........             (no amulet)
HPRegen  0.19/turn              (no ring)
MPRegen  0.11/turn              (no ring)

@: lethally poisoned (-3 -> -14), repel missiles
A: repulsion field 2, cold resistance 1, nightstalker 1, freezing cloud immunity
a: no special abilities


You were on level 5 of the Dungeon.
You were not hungry.

You visited 2 branches of the dungeon, and saw 6 of its levels.

You collected 256 gold pieces.

Inventory:

Hand Weapons
 a - a +0 long sword (weapon)
Missiles
 d - a throwing net (quivered)
Armour
 b - a +0 leather armour (worn)
 h - a scarf of repulsion (worn)
 o - a +0 pair of gloves (worn)
 q - a +1 helmet (worn)
Jewellery
 t - an uncursed ring of protection from cold {unknown}
Scrolls
 c - a scroll of remove curse {unknown}
 e - 2 scrolls of teleportation {unknown}
 g - 2 scrolls of identify {unknown}
 l - a scroll of enchant armour {unknown}
 p - a scroll of magic mapping {unknown}
 r - 2 scrolls of enchant weapon {unknown}
 s - a scroll of fog {unknown}
Potions
 i - a potion of flight
 m - a potion of degeneration {unknown}
 n - a potion of lignification {unknown}
Comestibles
 f - 6 rations
 u - 2 chunks of flesh


   Skills:
 - Level 3.0 Fighting
 * Level 7.0 Long Blades
 - Level 1.7 Throwing
 - Level 4.2 Armour
 + Level 3.4 Dodging


You had 7 spell levels left.
You didn't know any spells.
Your spell library was empty.

Dungeon Overview and Level Annotations

Branches:
Dungeon (5/15)             Temple (1/1) D:4

Altars:
Dithmenos
Elyvilon
Gozag
Hepliaklqana
Kikubaaqudgha
Nemelex Xobeh
Ru
Sif Muna
Trog
Uskayaw
Vehumet
Wu Jian
Yredelemnul

Annotations:
D:4 Eustachio, Natasha


Innate Abilities, Weirdness & Mutations

You are surrounded by a moderate repulsion field. (EV +3)
Your flesh is cold resistant. (rC+)
You are slightly more attuned to the shadows.
You are immune to freezing clouds.


Message History

You are poisoned.
The worker ant poisons you! The worker ant misses you.
You riposte.
You closely miss the worker ant. You hit the worker ant.
The worker ant is lightly wounded.
You feel sick. The worker ant barely misses you.
You riposte.
You hit the worker ant.
The worker ant is moderately wounded.
You closely miss the worker ant.
The worker ant is moderately wounded.
You feel sick. The worker ant closely misses you.
You riposte.
You hit the worker ant.
The worker ant is moderately wounded.
You hit the worker ant.
The worker ant is heavily wounded.
You feel sick. The worker ant bites you.
* * * LOW HITPOINT WARNING * * *
You are more poisoned.
The worker ant poisons you! The worker ant bites you.
You die...

#####..........
##...........##
##..............
#.............#
###.....##...#
#.#........#
#####.)....###
###a)......
##.@........
#..)#>..#...
##.(()..###.
###((...#
#(#.### #####


You could see a worker ant.

Vanquished Creatures
  Grinder (D:5)
  Edmund (D:5)
  A sky beast (D:5)
  A centaur (D:5)
  An ogre (D:4)
  A scorpion (D:4)
  A howler monkey (D:5)
  A hound (D:5)
  An orc wizard (D:3)
  Natasha (twice) (D:4)
  A worker ant (D:5)
  2 hound skeletons
  Robin (D:4)
  5 adders
  4 gnolls
  3 worms
  A dart slug (D:2)
  3 leopard geckos
  12 orcs
  8 giant cockroaches
  11 goblins
  11 hobgoblins
  A jackal (D:3)
  7 kobolds
  2 quokkas
  8 bats
  4 frilled lizards
  4 rats
99 creatures vanquished.

Vanquished Creatures (others)
  A goblin (D:4)
1 creature vanquished.

Grand Total: 100 creatures vanquished

Notes
Turn   | Place    | Note
-------+----------+-------------------------------------------
     0 | D:1      | diana the Demonspawn Gladiator began the quest for the Orb.
     0 | D:1      | Reached XP level 1. HP: 16/16 MP: 1/1
   162 | D:1      | Gained mutation: Your flesh is cold resistant. (rC+)
                  | [demonic ancestry]
   162 | D:1      | Reached XP level 2. HP: 10/22 MP: 2/2
   346 | D:1      | Reached skill level 3 in Long Blades
  1098 | D:2      | Gained mutation: You are surrounded by a mild repulsion
                  | field. (EV +2) [demonic ancestry]
  1098 | D:2      | Reached XP level 3. HP: 20/28 MP: 3/3
  1107 | D:2      | Found a shadowy altar of Dithmenos.
  1113 | D:2      | Reached skill level 1 in Armour
  1426 | D:1      | HP: 1/28 [gnoll (5)]
  2350 | D:1      | Gained mutation: You are surrounded by a moderate repulsion
                  | field. (EV +3) [demonic ancestry]
  2350 | D:1      | Reached XP level 4. HP: 28/34 MP: 4/4
  2769 | D:2      | Found an ancient bone altar of Kikubaaqudgha.
  2878 | D:3      | Found a sacrificial altar of Ru.
  3150 | D:3      | Gained mutation: You are slightly more attuned to the
                  | shadows. [demonic ancestry]
  3150 | D:3      | Reached XP level 5. HP: 34/40 MP: 5/5
  3232 | D:3      | Reached skill level 4 in Long Blades
  3393 | D:3      | Found a faded altar of an unknown god.
  3462 | D:4      | Noticed Natasha
  3468 | D:4      | Killed Natasha
  3544 | D:4      | Found a white marble altar of Elyvilon.
  3547 | D:4      | Noticed an ogre
  3559 | D:4      | Found a staircase to the Ecumenical Temple.
  3561 | D:4      | Noticed Natasha
  3584 | D:4      | Killed an ogre
  3584 | D:4      | Reached XP level 6. HP: 32/47 MP: 6/6
  3618 | D:4      | Killed Natasha
  3627 | Temple   | Entered the Ecumenical Temple
  4109 | D:4      | Noticed Robin
  4119 | D:4      | Killed Robin
  4121 | D:4      | Reached skill level 5 in Long Blades
  4420 | D:4      | Noticed Eustachio
  4433 | D:4      | Noticed Natasha
  4464 | D:5      | Entered Level 5 of the Dungeon
  4681 | D:5      | Noticed Grinder
  4698 | D:5      | Reached XP level 7. HP: 41/52 MP: 7/7
  4708 | D:5      | Killed Grinder
  4708 | D:5      | Reached skill level 6 in Long Blades
  4741 | D:5      | Noticed Edmund
  4776 | D:5      | Killed Edmund
  4836 | D:5      | Reached skill level 7 in Long Blades
  4836 | D:5      | Gained mutation: You are immune to freezing clouds.
                  | [demonic ancestry]
  4836 | D:5      | Reached XP level 8. HP: 9/58 MP: 8/8
  4845 | D:5      | Slain by a worker ant

Skill      XL: |  1  2  3  4  5  6  7 |
---------------+----------------------+-----
Long Blades    | 3 4 5 7 |  7.0
Dodging        | 3 |  3.4
Armour         | 1 2 3 4 |  4.2
Fighting       | 3 |  3.0
Throwing       | |  1.7

Action                   |  1- 3 |  4- 6 |  7- 9 || total
-------------------------+-------+-------+-------++-------
Melee: Long sword        |    93 |   190 |    55 ||   338
Throw: Throwing net      |       |     2 |       ||     2
  Use: Potion            |       |     2 |     2 ||     4
 Stab: Sleeping          |     4 |     2 |       ||     6
       Held in net/web   |       |     1 |       ||     1
  Eat: Chunk             |     3 |     9 |     1 ||    13
Armor: Leather armour    |    28 |    64 |     6 ||    98
Dodge: Dodged            |    79 |   233 |    57 ||   369
       Deflected         |     1 |     3 |     4 ||     8
       Rpst.: Long sword |    23 |    67 |    21 ||   111
